 Dungeon Crawl Stone Soup version 0.30.1 (webtiles) character file.

Game seed: 1751453966061781077

23486 LynnLen the Unseen (level 12, -1/53 HPs)
             Began as a Spriggan Enchanter on July 10, 2023.
             Was a High Priest of Dithmenos.
             Slain by a minotaur
             ... wielding the +7 rapier of Taruk {freeze, rN+}
              (26 damage)
             ... in a Gauntlet.
             The game lasted 00:39:55 (13746 turns).

LynnLen the Unseen (Spriggan Enchanter)            Turns: 13746, Time: 00:39:55

Health: -1/53      AC: 12    Str:  7    XL:     12   Next: 72%
Magic:  25/25      EV: 25    Int: 23    God:    Dithmenos [*****.]
Gold:   452        SH:  0    Dex: 23    Spells: 6/27 levels left

rFire   . . .        I - +5 dagger (venom)
rCold   . . .        (no shield)
rNeg    + . .        B - +0 steam dragon scales
rPois   +            z - +2 hat of Ysood {Str+4 Int-3 Dex+6}
rElec   .            r - +0 cloak
rCorr   .            (gloves unavailable)
SInv    +            (boots unavailable)
Will    +++..        n - amulet of the acrobat Stlth *+++++++++
                     L - ring "Ugien" {Fly rPois rN+ Will+ Dex+3}
HPRegen 0.28/turn    H - +4 ring of protection
MPRegen 0.19/turn

%: no teleportation, acrobat
@: confusing by touch, flying, wreathed by umbra, invisible, very quick
A: very small, no large weapons, unfitting armour, see invisible, speed 3,
talons 1, clever 1
a: Renounce Religion, Shadow Step, Shadow Form


You were in a Gauntlet.
You worshipped Dithmenos.
Dithmenos was extremely pleased with you.
You visited 3 branches of the dungeon, and saw 13 of its levels.
You also visited: Ossuary and Gauntlet.

You collected 554 gold pieces.
You spent 102 gold pieces at shops.

Inventory:

Hand Weapons
 I - a +5 dagger of venom (weapon)
Missiles
 a - 24 poisoned darts
 u - 4 curare-tipped darts (quivered)
Armour
 r - a +0 cloak (worn)
 z - the +2 hat of Ysood (worn) {Str+4 Int-3 Dex+6}
   (You found it in a Gauntlet)

   Str:       It affects your strength (+4).
   Int:       It affects your intelligence (-3).
   Dex:       It affects your dexterity (+6).
 B - +0 steam dragon scales (worn)
Jewellery
 d - a ring of willpower
 m - an amulet of guardian spirit
 n - an amulet of the acrobat (around neck)
 H - a +4 ring of protection (right hand)
 K - a ring of fire
 L - the ring "Ugien" (left hand) {Fly rPois rN+ Will+ Dex+3}
   (You found it in a Gauntlet)

   [ring of flight]

   Dex:       It affects your dexterity (+3).
   rPois:     It protects you from poison.
   rN:        It protects you from negative energy.
   Fly:       It grants you flight.
   Will:      It increases your willpower.
Wands
 f - a wand of polymorph (17)
 g - a wand of digging (6)
 l - a wand of flame (23)
 s - a wand of mindburst (12)
 t - a wand of light (32)
Scrolls
 e - 4 scrolls of identify
 j - 3 scrolls of fog
 p - 3 scrolls of poison
 q - 6 scrolls of teleportation
 w - 4 scrolls of amnesia
 y - a scroll of immolation
 A - a scroll of noise
 C - a scroll of fear
 D - 2 scrolls of vulnerability
 J - a scroll of blinking {unknown}
Potions
 b - 4 potions of haste
 h - 6 potions of mutation
 i - 7 potions of curing
 k - 5 potions of flight
 o - a potion of lignification
 v - 2 potions of heal wounds
 x - 3 potions of might
 E - a potion of brilliance
 F - 2 potions of attraction
 G - a potion of berserk rage


   Skills:
 + Level 1.0 Fighting
 - Level 10.0 Short Blades
 + Level 8.9 Dodging
 * Level 17.0 Stealth
 + Level 8.4 Spellcasting
 * Level 12.5 Hexes
 + Level 2.5 Summonings
 - Level 2.0 Ice Magic
 - Level 3.6 Air Magic
 + Level 6.2 Poison Magic
 + Level 1.2 Invocations
 + Level 1.7 Evocations


You had 6 spell levels left.
You knew the following spells:

 Your Spells              Type           Power      Damage    Failure   Level
a - Ensorcelled Hibernat  Hex/Ice        86%        N/A       1%          2
b - Confusing Touch       Hex            61%        N/A       1%          3
c - Tukima's Dance        Hex            61%        N/A       1%          3
d - Poisonous Vapours     Pois/Air       64%        N/A       1%          2
e - Olgreb's Toxic Radia  Pois           38%        N/A       4%          4
f - Cause Fear            Hex            30%        N/A       1%          4
g - Call Canine Familiar  Summ           21%        N/A       7%          3

Your spell library contained the following spells:

 Spells                   Type           Power      Damage    Failure   Level
 Sting                    Tmut/Pois      96%        1d7       1%          1
 Dazzling Flash           Conj/Hex       76%        N/A       1%          3
 Portal Projectile        Hex/Tloc       76%        N/A       1%          3
 Leda's Liquefaction      Hex/Erth       19%        N/A       4%          4
 Ozocubu's Armour         Ice            18%        N/A       9%          3
 Metabolic Englaciation   Hex/Ice        21%        N/A       10%         5
 Simulacrum               Ice/Necr       7%         N/A       100%        6
 Dragon Form              Tmut           4%         N/A       100%        7
 Dragon's Call            Summ           10%        N/A       100%        9


Dungeon Overview and Level Annotations

Branches:
Dungeon (9/15)             Temple (1/1) D:6            Lair (3/5) D:9
  Swamp (0/4) Lair:2       Spider (0/4) Lair:2      Ossuary (visited)
Gauntlet (1/1)
    Orc: D:9-12

Altars:
Ashenzari
Cheibriados
Dithmenos
Elyvilon
Fedhas
Gozag
Hepliaklqana
Kikubaaqudgha
Makhleb
Nemelex Xobeh
Okawaru
Qazlal
Ru
Sif Muna
Trog
Uskayaw
Vehumet
Wu Jian
Xom
Yredelemnul
Zin
The Shining One

Shops:
D:4 (   D:6 *   D:7 *   D:9 (

Annotations:
D:4 2 transporters, salammoniac's ghost, amateur DsHu Gauntlet 6 transporters, 2 runed translucent doors


Innate Abilities, Weirdness & Mutations

You are very small and have problems with some larger weapons.
You are too small for most types of armour.
You have supernaturally acute eyesight. (SInv)
You cover ground extremely quickly. (Speed+++)
You have sharp toenails.
Your mind is acute. (Int +4, Str/Dex -1)


Message History

You claw the minotaur, but do no damage.
The minotaur is lightly wounded.
The minotaur completely misses you. The minotaur closely misses you.
You strike the helpless minotaur from behind!
You hit the minotaur but do no damage. Your kick misses the minotaur.
The minotaur is lightly wounded.
You hit the minotaur but do no damage.
The minotaur is lightly wounded.
The minotaur completely misses you. The minotaur closely misses you.
You catch the helpless minotaur completely off-guard!
You hit the minotaur but do no damage. Your kick misses the minotaur.
The minotaur is lightly wounded.
You strike the helpless minotaur from behind!
You hit the minotaur but do no damage.
The minotaur is lightly wounded.
Your shadow hits the minotaur but does no damage.
The minotaur barely misses you. The minotaur gores you.
You catch the helpless minotaur completely off-guard!
You hit the minotaur but do no damage.
The minotaur is lightly wounded.
You completely miss the minotaur.
You claw the minotaur, but do no damage.
The minotaur is lightly wounded.
Your shadow barely misses the minotaur.
The minotaur furiously retaliates!
The minotaur headbutts your shadow! The minotaur closely misses you.
The minotaur gores you!
You hit the minotaur but do no damage.
You claw the minotaur, but do no damage.
You hit the minotaur but do no damage.
You claw the minotaur, but do no damage.
Your shadow completely misses the minotaur.
You strike the helpless minotaur from behind!
You hit the minotaur but do no damage.
You claw the minotaur, but do no damage.
The minotaur barely misses you. The minotaur gores you.
You barely miss the minotaur.
You strike the helpless minotaur from behind!
You hit the minotaur but do no damage. Your kick misses the minotaur.
The minotaur hits you with the +7 rapier of Taruk {freeze, rN+}!!
You die...

#.≈##...#
#.≈≈#.⌠.#######
#.≈##...##....#
#.###.⌠.##.##.#
#..##......##.#
#...#.⌠.##.##.#######
#.∩.#...##....#.#≈≈≈#
#...#.©.##.##.#.#.≈≈#
..⌠.#......##.'.@.∩≈#
#...#.©.##.##.#.#H≈≈#
#.∩.#...##....#.#≈≈≈#
#...#.⌠.##.##.#######
#..##......##.#
#.###.⌠.##.##.#
#.≈##...##....#
#.≈≈#.⌠.###### #.≈##


You could see a minotaur (resistant, unable to see you).

Vanquished Creatures
  Snorg (Lair:3)
  2 boulder beetles (D:9)
  3 centaur warriors (D:9)
  2 two-headed ogres (D:9)
  A lindwurm (Lair:2)
  An oklob plant (Gauntlet)
  A moth of wrath (Gauntlet)
  An apocalypse crab (Gauntlet)
  An elephant (D:9)
  4 cane toads
  A gargoyle (D:9)
  3 black mambas (Lair:1)
  Maggie (D:7)
  7 komodo dragons
  A freezing wraith (D:9)
  3 trolls (D:9)
  Grinder (D:4)
  4 blink frogs (Lair:2)
  7 culicivoras (Lair:2)
  Sigmund (D:2)
  5 yaks
  A shadow (D:9)
  A slime creature (D:9)
  5 wyverns
  A steam dragon (D:9)
  4 basilisks
  A vampire mosquito (D:9)
  Menkaure (D:5)
  3 acid dragons
  8 water moccasins
  4 orc warriors (D:9)
  11 wolves
  7 centaurs
  An ogre (D:5)
  2 phantoms
  4 kobold brigands (D:9)
  9 bullfrogs
  9 scorpions (Ossuary)
  9 wights
  9 killer bees
  A howler monkey (D:6)
  3 centaur zombies (Ossuary)
  3 human zombies (Ossuary)
  6 orc priests
  Crazy Yiuf (D:7)
  3 hounds
  3 iguanas
  A sleepcap (D:6)
  Jessica (D:2)
  4 scorpion zombies (Ossuary)
  Ijyb (D:4)
  Natasha (thrice) (D:3)
  4 orc wizards (D:9)
  A centaur simulacrum (D:9)
  3 mummies (Ossuary)
  Robin (D:3)
  3 adders
  4 gnolls (D:7)
  An ufetubus (D:4)
  2 worms
  3 dart slugs
  12 orcs
  6 ball pythons
  4 endoplasms
  2 giant cockroaches (D:3)
  3 gnoll zombies (Ossuary)
  7 hobgoblins
  2 jackals (D:1)
  4 quokkas
  3 bats (D:1)
  6 frilled lizards
  18 goblins
  A goblin zombie (Ossuary)
  4 hobgoblin zombies (Ossuary)
  13 kobolds
  3 kobold zombies (Ossuary)
  6 rats
  A butterfly (D:6)
288 creatures vanquished.

Vanquished Creatures (collateral kills)
  A gnoll sergeant (D:9)
  2 wights (D:7)
3 creatures vanquished.

Vanquished Creatures (others)
  2 dancing weapons
2 creatures vanquished.

Grand Total: 293 creatures vanquished

Notes
Turn   | Place    | Note
-------+----------+-------------------------------------------
     0 | D:1      | LynnLen the Spriggan Enchanter began the quest for the Orb.
     0 | D:1      | Reached XP level 1. HP: 9/9 MP: 5/5
   436 | D:1      | Reached XP level 2. HP: 13/13 MP: 6/6
   439 | D:1      | Learned a level 2 spell: Ensorcelled Hibernation
   461 | D:1      | Reached skill level 5 in Stealth
   962 | D:2      | Found the +5 glaive of the Guard {elec, spectral, AC+5}
   971 | D:2      | Noticed Sigmund
  1064 | D:2      | Killed Sigmund
  1065 | D:2      | Reached skill level 7 in Stealth
  1065 | D:2      | Reached XP level 3. HP: 11/16 MP: 4/8
  1065 | D:2      | Reached XP level 4. HP: 14/21 MP: 4/9
  1065 | D:2      | Reached XP level 5. HP: 16/24 MP: 4/10
  1615 | D:2      | Noticed Jessica
  1621 | D:2      | Learned a level 3 spell: Confusing Touch
  1624 | D:2      | Killed Jessica
  2030 | D:3      | Noticed Robin
  2061 | D:3      | Reached skill level 5 in Hexes
  2104 | D:3      | Killed Robin
  2105 | D:3      | Reached skill level 8 in Stealth
  2306 | D:3      | Noticed Natasha
  2315 | D:3      | Killed Natasha
  2316 | D:3      | Reached XP level 6. HP: 28/28 MP: 11/11
  2594 | D:3      | Noticed Natasha
  2620 | D:3      | Killed Natasha
  2626 | D:3      | Noticed Natasha
  2639 | D:3      | Killed Natasha
  2912 | D:3      | Found a white marble altar of Elyvilon.
  3274 | D:4      | Reached skill level 9 in Stealth
  3428 | D:4      | Found Hiusiq's Antique Weapon Shoppe.
  3701 | D:4      | Noticed Ijyb
  3708 | D:4      | Killed Ijyb
  3709 | D:4      | Reached XP level 7. HP: 32/32 MP: 12/12
  3793 | D:4      | Noticed Grinder
  3816 | D:4      | Killed Grinder
  3817 | D:4      | Reached skill level 10 in Stealth
  4034 | D:4      | Found a transporter.
  4056 | D:4      | Found a transporter.
  4059 | D:4      | Noticed salammoniac's ghost (amateur DsHu)
  4183 | D:4      | Learned a level 3 spell: Tukima's Dance
  4199 | D:5      | Entered Level 5 of the Dungeon
  4458 | D:5      | Gained mutation: You have sharp toenails. [potion of
                  | mutation]
  4458 | D:5      | Gained mutation: Your mind is acute. (Int +4, Str/Dex -1)
                  | [potion of mutation]
  4531 | D:5      | Found the +5 Force Lance {heavy, knockback}
  4546 | D:5      | Noticed Menkaure
  4562 | D:5      | Killed Menkaure
  4563 | D:5      | Reached skill level 5 in Short Blades
  4563 | D:5      | Reached XP level 8. HP: 36/36 MP: 10/13
  4631 | D:5      | Reached skill level 1 in Ice Magic
  4803 | D:5      | Learned a level 2 spell: Poisonous Vapours
  5177 | D:6      | Reached skill level 11 in Stealth
  5365 | D:6      | Reached skill level 1 in Poison Magic
  5502 | D:6      | Found Turaunit's Assorted Antiques.
  5508 | D:6      | Bought a scroll labelled TEJOSEATUS for 34 gold pieces
  5508 | D:6      | Bought a scroll labelled LINYBI NUHYSE for 34 gold pieces
  5508 | D:6      | Bought a scroll labelled PUSIKE NETIT for 34 gold pieces
  5570 | D:6      | Reached skill level 1 in Air Magic
  5623 | D:6      | Found a staircase to the Ecumenical Temple.
  5640 | Temple   | Entered the Ecumenical Temple
  5801 | Temple   | Became a worshipper of Dithmenos the Shadowed
  6222 | D:7      | Found Gozag's Platinum Reserve.
  6222 | D:7      | Found an opulent altar of Gozag.
  6456 | D:7      | Noticed Maggie
  6467 | D:7      | Killed Maggie
  6468 | D:7      | Reached XP level 9. HP: 39/39 MP: 16/16
  6812 | D:7      | Found a sand-covered staircase.
  6816 | Ossuary  | Entered an ossuary
  6912 | Ossuary  | Reached skill level 12 in Stealth
  6950 | Ossuary  | Reached * piety under Dithmenos
  6999 | Ossuary  | Learned a level 4 spell: Olgreb's Toxic Radiance
  7257 | Ossuary  | Reached skill level 5 in Dodging
  7572 | D:7      | Found an iron altar of Okawaru.
  7581 | D:7      | Found a shimmering altar of Xom.
  7621 | D:7      | Reached ** piety under Dithmenos
  7622 | D:7      | Reached skill level 5 in Spellcasting
  7763 | D:7      | Found a runed translucent door.
  7764 | D:7      | Noticed Crazy Yiuf
  7930 | D:7      | Killed Crazy Yiuf
  8313 | D:8      | Reached XP level 10. HP: 44/44 MP: 18/18
  8625 | D:8      | Found an ornate altar of the Wu Jian Council.
  8720 | D:8      | Found a shimmering blue altar of Sif Muna.
  8759 | D:9      | Noticed a gargoyle
  8786 | D:9      | Found Ileshruto's Firing Range.
  8890 | D:9      | Reached skill level 13 in Stealth
  8918 | D:9      | Noticed an elephant
  8955 | D:9      | Noticed a two-headed ogre
  8958 | D:9      | Killed an elephant
  8967 | D:9      | Killed a two-headed ogre
  9070 | D:9      | Found a staircase to the Lair.
  9257 | D:9      | Learned a level 4 spell: Cause Fear
  9275 | D:9      | Reached *** piety under Dithmenos
  9283 | D:9      | Noticed a two-headed ogre
  9348 | D:9      | Killed a gargoyle
  9361 | D:9      | Killed a two-headed ogre
  9362 | D:9      | Reached skill level 14 in Stealth
  9472 | D:9      | Reached skill level 10 in Hexes
  9618 | D:9      | Noticed a boulder beetle
  9618 | D:9      | Noticed a centaur warrior
  9621 | D:9      | Noticed a centaur warrior
  9621 | D:9      | Noticed a centaur warrior
  9628 | D:9      | Killed a centaur warrior
  9629 | D:9      | Reached XP level 11. HP: 23/47 MP: 18/21
  9814 | D:9      | Noticed Erica
 10123 | D:9      | Killed a centaur warrior
 10514 | D:9      | Killed a centaur warrior
 10600 | D:9      | Noticed a boulder beetle
 10716 | D:9      | Killed a boulder beetle
 10721 | D:9      | Killed a boulder beetle
 10722 | D:9      | Reached skill level 15 in Stealth
 10959 | D:9      | Reached skill level 5 in Poison Magic
 11104 | D:9      | Identified the staff of death "Tethraiwn" {rC++ rN+ Will+}
 11104 | D:9      | Identified the +9 longbow of Karma {freeze, rN+}
 11411 | Lair:1   | Entered Level 1 of the Lair of Beasts
 11446 | Lair:1   | Learned a level 3 spell: Call Canine Familiar
 11544 | Lair:1   | Reached skill level 10 in Short Blades
 11693 | Lair:1   | Reached **** piety under Dithmenos
 11694 | Lair:1   | Reached skill level 1 in Summonings
 11694 | Lair:1   | Reached XP level 12. HP: 51/51 MP: 17/24
 11973 | Lair:1   | Reached skill level 16 in Stealth
 12411 | Lair:2   | Found a staircase to the Swamp.
 12537 | Lair:2   | Found a hole to the Spider Nest.
 13043 | Lair:3   | Noticed Snorg
 13066 | Lair:3   | Killed Snorg
 13069 | Lair:3   | Reached skill level 1 in Evocations
 13076 | Lair:3   | Found a gate leading to a gauntlet.
 13094 | Gauntlet | Entered a Gauntlet
 13094 | Gauntlet | Found a transporter.
 13094 | Gauntlet | Found a transporter.
 13101 | Gauntlet | Found a transporter.
 13101 | Gauntlet | Found a transporter.
 13102 | Gauntlet | Found a transporter.
 13102 | Gauntlet | Found a transporter.
 13134 | Gauntlet | Found a runed translucent door.
 13134 | Gauntlet | Found a runed translucent door.
 13138 | Gauntlet | Found a transporter.
 13142 | Gauntlet | Found a transporter.
 13146 | Gauntlet | Found a runed translucent door.
 13148 | Gauntlet | Found a runed translucent door.
 13150 | Gauntlet | Found a transporter.
 13177 | Gauntlet | Found a transporter.
 13194 | Gauntlet | Found a transporter.
 13195 | Gauntlet | Found a transporter.
 13197 | Gauntlet | Noticed a tengu warrior
 13272 | Gauntlet | Identified the +2 hat of Ysood {Str+4 Int-3 Dex+6}
 13391 | Gauntlet | Reached skill level 1 in Invocations
 13393 | Gauntlet | Reached skill level 1 in Fighting
 13393 | Gauntlet | Reached skill level 17 in Stealth
 13394 | Gauntlet | Reached ***** piety under Dithmenos
 13415 | Gauntlet | Identified the ring "Ugien" {Fly rPois rN+ Will+ Dex+3}
 13690 | Gauntlet | Identified the +7 rapier of Taruk {freeze, rN+}
 13690 | Gauntlet | Noticed a minotaur
 13746 | Gauntlet | Slain by a minotaur

Illustrated notes

Levels and vault maps discovered:
D:1:      psy_arrival_heroes, layout_basic
D:2:      layout_basic, uniq_jessica, uniq_sigmund
D:3:      layout_basic, nicolae_overflow_hidden_temple, uniq_natasha, uniq_robin
D:4:      layout_basic, serial_shops, shop, gammafunk_ghost_smash, uniq_ijyb,
          uniq_grinder
D:5:      layout_loops_ring, hangedman_decor_opposing,
          minmay_misc_feat_nine_boxes, uniq_menkaure
D:6:      layout_basic, minmay_temple_entry_butterflies, serial_shops, shop
D:7:      layout_loops_cross, nicolae_gozag_zags_fifth_avenue,
          amethyst_overflow_temple_binary, enter_ossuary_5, uniq_maggie,
          uniq_crazy_yiuf_cottage
D:8:      layout_rooms, nzn_wu_jian_contemplation, mainiacjoe_overflow_alcove_4,
          grunt_decor_arrowhead
D:9:      minmay_the_grid_plus_closed [minmay_the_grid_rooms,
          minmay_the_grid_pillar_ring, minmay_the_grid_minigrid_small_alt,
          minmay_the_grid_broken_lines,
          minmay_the_grid_prize_four_corners_diamond_b], layout_rooms,
          david_lair_generic, minmay_holes, minmay_misc_feat_plants,
          nicolae_shop_firing_range, uniq_erica
Temple:   nicolae_temple_elliptical
Lair:1:   layout_big_grid
Lair:2:   layout_regular_city, swamp_mist, hellmonk_spider_entry_life_and_decay,
          grunt_megastairs_5
Lair:3:   layout_regular_city, gauntlet_entry_generic,
          infiniplex_staircase_pool, serial_bayou_shore_a, grunt_megastairs_2,
          uniq_snorg
Gauntlet: minmay_gauntlet_77_indecision
          [minmay_gauntlet_arena_77_chump_sandwich,
          minmay_gauntlet_arena_77_box, minmay_gauntlet_arena_77_double_cross,
          minmay_gauntlet_arena_77_shame_cube, minmay_gauntlet_arena_77_mirror,
          minmay_gauntlet_arena_77_cramped, gauntlet_exit_watery]

Skill      XL: |  1  2  3  4  5  6  7  8  9 10 11 12 |
---------------+-------------------------------------+-----
Stealth        | 7 8 9 10 11 12 14 15 17 | 17.0
Hexes          | 4 5 6 7 8 10 11 12 | 12.5
Short Blades   | 3 4 5 6 7 8 10 | 10.0
Dodging        | 3 4 5 6 8 |  8.9
Spellcasting   | 3 4 5 6 7 8 |  8.4
Ice Magic      | 1 2 |  2.0
Poison Magic   | 1 3 4 5 6 |  6.2
Air Magic      | 1 2 3 |  3.6
Summonings     | 1 2 |  2.5
Evocations     | 1 |  1.7
Invocations    | 1 |  1.2
Fighting       | 1 |  1.0

Action                     |  1- 3 |  4- 6 |  7- 9 | 10-12 || total
---------------------------+-------+-------+-------+-------++-------
  Melee: Dagger            |    88 |   172 |   353 |   389 ||  1002
         Punch             |       |     2 |     2 |     5 ||     9
         Kick              |       |       |   114 |   114 ||   228
   Cast: Ensorcelled Hiber |     2 |     6 |    21 |    75 ||   104
         Confusing Touch   |       |     2 |    18 |    11 ||    31
         Tukima's Dance    |       |       |    11 |     5 ||    16
         Olgreb's Toxic Ra |       |       |       |     7 ||     7
  Evoke: Wand              |       |       |       |     2 ||     2
    Use: Scroll            |     1 |     5 |    12 |     6 ||    24
         Potion            |     1 |     2 |     1 |     5 ||     9
   Stab: Sleeping          |     8 |    19 |    43 |    78 ||   148
         Invisible         |     1 |       |       |    10 ||    11
         Confused          |       |     2 |    16 |    14 ||    32
         Distracted        |       |       |     1 |       ||     1
 Armour: Robe              |     4 |    22 |     7 |       ||    33
         Steam dragon scal |       |       |    27 |    35 ||    62
  Dodge: Dodged            |    56 |   107 |   202 |   295 ||   660
